Connexion

NEW YORK Islanders vs NEW YORK Rangers (R5)

Created - 16 octobre 2023 at 05:46

Goals
1 2 3 T
NEW YORK Islanders 2 3 2 7
NEW YORK Rangers 0 2 1 3
Shots
1 2 3 T
NEW YORK Islanders 4 13 12 29
NEW YORK Rangers 7 10 4 21

GoalsPenalties
1st period
1. NEW YORK Islanders , Jeff Skinner 14 (Kyle Palmieri 17, Ryan McDonagh 20) at 15:06
2. NEW YORK Islanders , Jeff Skinner 15 (Kevin Shattenkirk 14, Kyle Palmieri 18) at 16:41
Ryan McDonagh (NYI) for Roughing (Double Minor) at 5:33
John Moore (NYR) for Roughing (Minor) at 11:46
Ryan Strome (NYR) for Hooking (Minor) at 14:56
Adam Pelech (NYI) for Tripping (Minor) at 14:56
2nd period
3. NEW YORK Islanders , Adam Pelech 2 (Sven Baertschi 12, Ilya Mikheyev 5) at 6:26
4. NEW YORK Islanders , Vincent Hinostroza 7 (Travis Dermott 6) at 12:24
5. NEW YORK Islanders , Adam Pelech 3 (Vincent Hinostroza 21, Patrik Laine 5) at 12:41
6. NEW YORK Rangers , Trevor Moore 2 (Logan Couture 8, Jon Merrill 11) at 14:05
7. NEW YORK Rangers , John Moore 7 (Jon Merrill 12, Zach Hyman 12) at 15:51 (PP)
Patrik Laine (NYI) for Tripping (Minor) at 1:41
Ryan McDonagh (NYI) for High sticking (Minor) at 6:50
Nicklas Backstrom (NYI) for Tripping (Minor) at 7:37
Adam Pelech (NYI) for Elbowing (Minor) at 14:56
3rd period
8. NEW YORK Islanders , Kyle Palmieri 15 (Calle Rosen 6, Nicklas Backstrom 12) at 0:52
9. NEW YORK Rangers , Taylor Hall 10 (Travis Konecny 16) at 7:01
10. NEW YORK Islanders , Jeff Skinner 16 (Anthony Duclair 9, Calle Rosen 7) at 7:17
Jeff Skinner (NYI) for Hooking (Minor) at 0:11
Travis Konecny (NYR) for Roughing (Minor) at 0:13
Travis Konecny (NYR) for Hooking (Minor) at 8:10
Goalie Stats
Linus Ullmark (NYI), 18 saves from 21 shots - (0,857), W, 12-10-1, 60:00 minutes
Malcolm Subban (NYR), 17 saves from 20 shots - (0,850), 27:36 minutes
Semyon Varlamov (NYR), 5 saves from 9 shots - (0,556), L, 8-5-0, 32:24 minutes
3 StarsOfficial
1 - Jeff Skinner (NYI)
2 - Kyle Palmieri (NYI)
3 - Adam Pelech (NYI)
Referees : Marcus Vinnerberg and Brian Pochmara
Linesman : Michel Cormier and Brian Murphy
Game Note
Malcolm Subban enters game at 12:24 of 2nd period
Jeff Skinner has scored a Hat Trick!
Finance
Level 1 -- Attendance: 5498 (91,63%) -- Ticket Income 687 250 $
Level 2 -- Attendance: 4941 (95,02%) -- Ticket Income 395 280 $
Level 3 -- Attendance: 2000 (100,00%) -- Ticket Income 100 000 $
Level 4 -- Attendance: 4000 (100,00%) -- Ticket Income 140 000 $
Luxury Box -- Attendance: 949 (94,90%) -- Ticket Income 227 760 $
Game was played at the Madison Square Garden.
Total Attendance: 17388 (95,54%)
Total Ticket Income: 1 550 290 $
Other Income: 310 058 $
Total Income: 1 860 348 $



Team Name Goals Shots Shots Attemp Shots Blocked PIM HIT PP PK FO%
NEW YORK Islanders 72959816130 / 3 (0%)147%
NEW YORK Rangers 32149108221 / 7 (14%)053%

NEW YORK Islanders
Player Name POS G A P +/- PIM HIT SHT SB MP PP MP PP SHT PK MP PK SHT FO% FOT
Adam PelechD2024402120:492:0503:5400% 0
Alexander RadulovRW000000004:590:0000:0000% 0
Anthony DuclairLW/RW0110000018:021:5400:0000% 1
Brendan LeipsicC/LW000000006:510:0001:52040% 5
Brendan LemieuxLW000001005:160:0000:170100% 1
Calle RosenD0224001121:342:0503:5910% 0
Ilya MikheyevRW0110021010:150:0000:17067% 3
Jeff SkinnerC/LW3032236024:431:5405:05043% 35
Josh BaileyC/LW/RW0000002014:300:0005:05057% 14
Kevin ShattenkirkD0111010427:041:5505:0600% 0
Kyle PalmieriRW1233004122:121:5400:36050% 4
Nicklas BackstromC0113203017:502:0602:29052% 21
Nikolai KnyzhovD0000001011:520:0000:2800% 0
Patrik LaineLW/RW0112202011:500:0000:0000% 0
Ryan McDonagh D0111641123:421:5511:4600% 0
Sven BaertschiLW0110012011:532:0600:0000% 0
Travis DermottD0110000014:380:0003:5200% 0
Vincent HinostrozaC/RW1122014017:042:0602:4500% 3
NEW YORK Rangers
Player Name POS G A P +/- PIM HIT SHT SB MP PP MP PP SHT PK MP PK SHT FO% FOT
Cody GoloubefD0000000010:490:0000:1900% 0
Jakob ChychrunD000-2011328:225:4213:0300% 0
Jesse PuljujarviRW000-2001014:314:5510:0000% 0
John MooreD101-3231220:483:5910:3800% 0
Jon MerrillD022-3031020:553:5900:5700% 0
Kieffer BellowsLW000-2011011:450:0001:5300% 0
Logan CoutureC/LW0111021019:494:5501:25038% 16
Logan StanleyD0000020011:030:0000:3300% 0
Nolan PatrickC000-2000110:040:0000:00054% 13
Ryan StromeC/RW000-2213119:104:4620:0300% 0
Taylor HallC/LW101-4012023:334:4602:44064% 44
Torey KrugD000-2002228:025:4222:3000% 0
Travis KonecnyC/LW/RW011-1432018:174:4510:3300% 3
Trevor MooreC/LW/RW1011011013:290:0000:000100% 1
Ty DellandreaC000-200208:220:0000:00050% 6
Tyler EnnisC/LW000001306:260:0000:0600% 0
Vasili PodkolzinRW000000006:200:0000:0000% 0
Zach HymanC/LW/RW0111030120:154:5501:16025% 4



Play-by-Play

1st period


0:01 of 1st period - Taylor Hall wins face-off versus Jeff Skinner in neutral zone.
0:35 of 1st period - Shot by Taylor Hall.
0:35 of 1st period - Shot Blocked by Kevin Shattenkirk.
1:05 of 1st period - Shot by Jon Merrill.
1:05 of 1st period - Shot Blocked by Kevin Shattenkirk.
1:16 of 1st period - Icing by Kevin Shattenkirk.
1:17 of 1st period - Nolan Patrick wins face-off versus Jeff Skinner in NEW YORK Islanders zone.
1:24 of 1st period - Shot by Kieffer Bellows.
1:24 of 1st period - Shot Misses the Net.
1:45 of 1st period - Icing by Jeff Skinner.
1:46 of 1st period - Jeff Skinner wins face-off versus Ty Dellandrea in NEW YORK Islanders zone.
3:08 of 1st period - Icing by Jakob Chychrun.
3:09 of 1st period - Brendan Leipsic wins face-off versus Logan Couture in NEW YORK Rangers zone.
3:40 of 1st period - Shot by Brendan Lemieux.
3:40 of 1st period - Shot Blocked by Torey Krug.
3:42 of 1st period - Shot by Brendan Lemieux.
3:42 of 1st period - Shot Hit the Post.
3:47 of 1st period - Icing by Jakob Chychrun.
3:48 of 1st period - Josh Bailey wins face-off versus Logan Couture in NEW YORK Rangers zone.
4:24 of 1st period - Icing by Sven Baertschi.
4:25 of 1st period - Nolan Patrick wins face-off versus Josh Bailey in NEW YORK Islanders zone.
4:34 of 1st period - Shot by Nolan Patrick.
4:34 of 1st period - Shot Blocked by Calle Rosen.
4:36 of 1st period - Shot by Jon Merrill.
4:36 of 1st period - Shot Misses the Net.
4:38 of 1st period - Shot by John Moore.
4:38 of 1st period - Shot Misses the Net.
4:40 of 1st period - Shot by Jesse Puljujarvi.
4:40 of 1st period - Shot Misses the Net.
5:32 of 1st period - Shot by Travis Konecny.
5:32 of 1st period - Shot Misses the Net.
5:33 of 1st period - Double Minor Penalty to Ryan McDonagh for Roughing.
5:34 of 1st period - Jeff Skinner wins face-off versus Travis Konecny in NEW YORK Islanders zone.
7:15 of 1st period - Ilya Mikheyev is hit by Travis Konecny and loses puck.
7:27 of 1st period - Off-side.
7:28 of 1st period - Jeff Skinner wins face-off versus Zach Hyman in neutral zone.
8:06 of 1st period - Off-side.
8:07 of 1st period - Taylor Hall wins face-off versus Nicklas Backstrom in neutral zone.
8:14 of 1st period - Shot by Jakob Chychrun.
8:14 of 1st period - Shot Blocked by Kevin Shattenkirk.
8:16 of 1st period - Shot by Travis Konecny.
8:16 of 1st period - Shot Misses the Net.
8:18 of 1st period - Shot by Ryan Strome.
8:18 of 1st period - Stopped by Linus Ullmark without a rebound.
8:19 of 1st period - Zach Hyman wins face-off versus Jeff Skinner in NEW YORK Islanders zone.
9:01 of 1st period - Vincent Hinostroza is hit by Jon Merrill.
9:20 of 1st period - Shot by Travis Konecny.
9:20 of 1st period - Stopped by Linus Ullmark without a rebound.
9:21 of 1st period - Josh Bailey wins face-off versus Taylor Hall in NEW YORK Islanders zone.
9:21 of 1st period - Josh Bailey is hit by Ryan Strome.
10:32 of 1st period - Shot by Zach Hyman.
10:32 of 1st period - Shot Blocked by Kevin Shattenkirk.
10:39 of 1st period - Anthony Duclair is hit by John Moore and loses puck.
11:18 of 1st period - Vincent Hinostroza is hit by Jon Merrill and loses puck.
11:21 of 1st period - Shot by Patrik Laine.
11:21 of 1st period - Shot Blocked by Zach Hyman.
11:23 of 1st period - Shot by Vincent Hinostroza.
11:23 of 1st period - Shot Misses the Net.
11:44 of 1st period - Nicklas Backstrom is hit by John Moore and loses puck.
11:46 of 1st period - Minor Penalty to John Moore for Roughing.
11:47 of 1st period - Taylor Hall wins face-off versus Jeff Skinner in NEW YORK Rangers zone.
12:11 of 1st period - Icing by Kyle Palmieri.
12:12 of 1st period - Jeff Skinner wins face-off versus Taylor Hall in NEW YORK Islanders zone.
12:41 of 1st period - Icing by Kevin Shattenkirk.
12:42 of 1st period - Taylor Hall wins face-off versus Vincent Hinostroza in NEW YORK Islanders zone.
13:08 of 1st period - Travis Konecny is hit by Ryan McDonagh and loses puck.
14:03 of 1st period - Kieffer Bellows is hit by Brendan Lemieux and loses puck.
14:33 of 1st period - Shot by Ty Dellandrea.
14:33 of 1st period - Stopped by Linus Ullmark with a rebound.
14:35 of 1st period - Shot by Tyler Ennis.
14:35 of 1st period - Deflect By Ty Dellandrea.
14:35 of 1st period - Stopped by Linus Ullmark without a rebound.
14:36 of 1st period - Taylor Hall wins face-off versus Jeff Skinner in NEW YORK Islanders zone.
14:56 of 1st period - Minor Penalty to Ryan Strome for Hooking.
14:56 of 1st period - Minor Penalty to Adam Pelech for Tripping.
14:57 of 1st period - Jeff Skinner wins face-off versus Taylor Hall in NEW YORK Islanders zone.
15:06 of 1st period - Shot by Kyle Palmieri.
15:06 of 1st period - Deflect By Jeff Skinner.
15:06 of 1st period - Goal by Jeff Skinner - NEW YORK Islanders : 1 - NEW YORK Rangers : 0.
15:07 of 1st period - Jeff Skinner wins face-off versus Taylor Hall in neutral zone.
15:42 of 1st period - Icing by Taylor Hall.
15:43 of 1st period - Ty Dellandrea wins face-off versus Vincent Hinostroza in NEW YORK Rangers zone.
15:52 of 1st period - Shot by Jon Merrill.
15:52 of 1st period - Stopped by Linus Ullmark without a rebound.
15:53 of 1st period - Nolan Patrick wins face-off versus Jeff Skinner in NEW YORK Islanders zone.
16:08 of 1st period - Shot by Kieffer Bellows.
16:08 of 1st period - Stopped by Linus Ullmark without a rebound.
16:09 of 1st period - Jeff Skinner wins face-off versus Taylor Hall in NEW YORK Islanders zone.
16:15 of 1st period - Off-side.
16:16 of 1st period - Jeff Skinner wins face-off versus Taylor Hall in neutral zone.
16:33 of 1st period - Shot by Kyle Palmieri.
16:33 of 1st period - Shot Blocked by Jakob Chychrun.
16:41 of 1st period - Shot by Jeff Skinner.
16:41 of 1st period - Goal by Jeff Skinner - NEW YORK Islanders : 2 - NEW YORK Rangers : 0.
16:42 of 1st period - Taylor Hall wins face-off versus Vincent Hinostroza in neutral zone.
16:53 of 1st period - Shot by Sven Baertschi.
16:53 of 1st period - Stopped by Semyon Varlamov without a rebound.
16:54 of 1st period - Jeff Skinner wins face-off versus Travis Konecny in NEW YORK Rangers zone.
17:25 of 1st period - Shot by Logan Couture.
17:25 of 1st period - Stopped by Linus Ullmark without a rebound.
17:26 of 1st period - Nolan Patrick wins face-off versus Josh Bailey in NEW YORK Islanders zone.
17:45 of 1st period - Shot by Nolan Patrick.
17:45 of 1st period - Shot Blocked by Adam Pelech.
18:24 of 1st period - Ilya Mikheyev is hit by Jakob Chychrun.
19:09 of 1st period - Icing by Ryan Strome.
19:10 of 1st period - Taylor Hall wins face-off versus Nicklas Backstrom in NEW YORK Rangers zone.
19:21 of 1st period - Vincent Hinostroza is hit by Travis Konecny and loses puck.
19:33 of 1st period - Shot by Patrik Laine.
19:33 of 1st period - Shot Blocked by Torey Krug.
19:35 of 1st period - Shot by Nikolai Knyzhov.
19:35 of 1st period - Stopped by Semyon Varlamov with a rebound.
19:55 of 1st period - Vincent Hinostroza is hit by Logan Stanley and loses puck.
Goals for this period are 2 for NEW YORK Islanders vs 0 for NEW YORK Rangers.
Shots for this period are 4 for NEW YORK Islanders vs 7 for NEW YORK Rangers.

2nd period


0:01 of 2nd period - Taylor Hall wins face-off versus Jeff Skinner in neutral zone.
0:16 of 2nd period - Shot by Kyle Palmieri.
0:16 of 2nd period - Deflect By Jeff Skinner.
0:16 of 2nd period - Stopped by Semyon Varlamov with a rebound.
0:38 of 2nd period - Shot by Taylor Hall.
0:38 of 2nd period - Shot Misses the Net.
0:40 of 2nd period - Shot by Travis Konecny.
0:40 of 2nd period - Shot Blocked by Kyle Palmieri.
0:42 of 2nd period - Shot by Travis Konecny.
0:42 of 2nd period - Shot Misses the Net.
0:44 of 2nd period - Shot by Torey Krug.
0:44 of 2nd period - Shot Misses the Net.
0:57 of 2nd period - Icing by Jeff Skinner.
0:58 of 2nd period - Trevor Moore wins face-off versus Jeff Skinner in NEW YORK Islanders zone.
1:41 of 2nd period - Minor Penalty to Patrik Laine for Tripping.
1:42 of 2nd period - Taylor Hall wins face-off versus Brendan Leipsic in NEW YORK Islanders zone.
1:49 of 2nd period - Shot by Torey Krug.
1:49 of 2nd period - Stopped by Linus Ullmark without a rebound.
1:50 of 2nd period - Taylor Hall wins face-off versus Brendan Leipsic in NEW YORK Islanders zone.
2:58 of 2nd period - Shot by Jesse Puljujarvi.
2:58 of 2nd period - Stopped by Linus Ullmark without a rebound.
2:59 of 2nd period - Jeff Skinner wins face-off versus Zach Hyman in NEW YORK Islanders zone.
3:57 of 2nd period - Icing by Cody Goloubef.
3:58 of 2nd period - Ty Dellandrea wins face-off versus Brendan Leipsic in NEW YORK Rangers zone.
5:03 of 2nd period - Shot by Jeff Skinner.
5:03 of 2nd period - Deflect By Kyle Palmieri.
5:03 of 2nd period - Shot Misses the Net.
5:36 of 2nd period - Off-side.
5:37 of 2nd period - Nicklas Backstrom wins face-off versus Logan Couture in neutral zone.
5:37 of 2nd period - Vincent Hinostroza is hit by Logan Couture and loses puck.
5:52 of 2nd period - Shot by Patrik Laine.
5:52 of 2nd period - Stopped by Semyon Varlamov without a rebound.
5:53 of 2nd period - Josh Bailey wins face-off versus Nolan Patrick in NEW YORK Rangers zone.
5:53 of 2nd period - Sven Baertschi is hit by John Moore and loses puck.
6:02 of 2nd period - Shot by Sven Baertschi.
6:02 of 2nd period - Shot Misses the Net.
6:17 of 2nd period - Josh Bailey is hit by Jon Merrill and loses puck.
6:24 of 2nd period - Shot by Ilya Mikheyev.
6:24 of 2nd period - Deflect By Sven Baertschi.
6:24 of 2nd period - Shot Misses the Net.
6:26 of 2nd period - Shot by Adam Pelech.
6:26 of 2nd period - Goal by Adam Pelech - NEW YORK Islanders : 3 - NEW YORK Rangers : 0.
6:27 of 2nd period - Taylor Hall wins face-off versus Jeff Skinner in neutral zone.
6:30 of 2nd period - Shot by Torey Krug.
6:30 of 2nd period - Shot Hit the Post.
6:49 of 2nd period - Icing by Kyle Palmieri.
6:50 of 2nd period - Logan Couture wins face-off versus Jeff Skinner in NEW YORK Islanders zone.
6:50 of 2nd period - Minor Penalty to Ryan McDonagh for High sticking.
6:51 of 2nd period - Jeff Skinner wins face-off versus Logan Couture in NEW YORK Islanders zone.
7:30 of 2nd period - Shot by Jakob Chychrun.
7:30 of 2nd period - Shot Misses the Net.
7:37 of 2nd period - Minor Penalty to Nicklas Backstrom for Tripping.
7:38 of 2nd period - Taylor Hall wins face-off versus Jeff Skinner in NEW YORK Islanders zone.
7:45 of 2nd period - Shot by Taylor Hall.
7:45 of 2nd period - Deflect By Ryan Strome.
7:45 of 2nd period - Shot Misses the Net.
7:49 of 2nd period - Shot by Ryan Strome.
7:49 of 2nd period - Stopped by Linus Ullmark without a rebound.
7:50 of 2nd period - Taylor Hall wins face-off versus Kyle Palmieri in NEW YORK Islanders zone.
9:07 of 2nd period - Shot by Jakob Chychrun.
9:07 of 2nd period - Stopped by Linus Ullmark with a rebound.
9:40 of 2nd period - Shot by Tyler Ennis.
9:40 of 2nd period - Stopped by Linus Ullmark with a rebound.
9:42 of 2nd period - Shot by Cody Goloubef.
9:42 of 2nd period - Deflect By Tyler Ennis.
9:42 of 2nd period - Shot Misses the Net.
9:48 of 2nd period - Shot by Ty Dellandrea.
9:48 of 2nd period - Shot Misses the Net.
10:00 of 2nd period - Shot by Nicklas Backstrom.
10:00 of 2nd period - Stopped by Semyon Varlamov with a rebound.
10:28 of 2nd period - Shot by Sven Baertschi.
10:28 of 2nd period - Deflect By Ilya Mikheyev.
10:28 of 2nd period - Shot Misses the Net.
11:06 of 2nd period - Off-side.
11:07 of 2nd period - Logan Couture wins face-off versus Jeff Skinner in neutral zone.
12:02 of 2nd period - Shot by Taylor Hall.
12:02 of 2nd period - Shot Misses the Net.
12:24 of 2nd period - Shot by Vincent Hinostroza.
12:24 of 2nd period - Goal by Vincent Hinostroza - NEW YORK Islanders : 4 - NEW YORK Rangers : 0.
12:24 of 2nd period - Malcolm Subban enters game.
12:25 of 2nd period - Nolan Patrick wins face-off versus Nicklas Backstrom in neutral zone.
12:31 of 2nd period - Icing by Adam Pelech.
12:32 of 2nd period - Nicklas Backstrom wins face-off versus Nolan Patrick in NEW YORK Islanders zone.
12:39 of 2nd period - Shot by Vincent Hinostroza.
12:39 of 2nd period - Shot Misses the Net.
12:41 of 2nd period - Shot by Adam Pelech.
12:41 of 2nd period - Goal by Adam Pelech - NEW YORK Islanders : 5 - NEW YORK Rangers : 0.
12:42 of 2nd period - Taylor Hall wins face-off versus Josh Bailey in neutral zone.
12:44 of 2nd period - Off-side.
12:45 of 2nd period - Taylor Hall wins face-off versus Nicklas Backstrom in neutral zone.
14:05 of 2nd period - Shot by Logan Couture.
14:05 of 2nd period - Deflect By Trevor Moore.
14:05 of 2nd period - Goal by Trevor Moore - NEW YORK Islanders : 5 - NEW YORK Rangers : 1.
14:06 of 2nd period - Josh Bailey wins face-off versus Nolan Patrick in neutral zone.
14:17 of 2nd period - Shot by Sven Baertschi.
14:17 of 2nd period - Shot Misses the Net.
14:19 of 2nd period - Shot by Josh Bailey.
14:19 of 2nd period - Shot Misses the Net.
14:21 of 2nd period - Shot by Ilya Mikheyev.
14:21 of 2nd period - Deflect By Sven Baertschi.
14:21 of 2nd period - Shot Misses the Net.
14:39 of 2nd period - Shot by Josh Bailey.
14:39 of 2nd period - Stopped by Malcolm Subban without a rebound.
14:40 of 2nd period - Logan Couture wins face-off versus Kyle Palmieri in NEW YORK Rangers zone.
14:51 of 2nd period - Shot by Jeff Skinner.
14:51 of 2nd period - Stopped by Malcolm Subban without a rebound.
14:52 of 2nd period - Taylor Hall wins face-off versus Nicklas Backstrom in NEW YORK Rangers zone.
14:56 of 2nd period - Minor Penalty to Adam Pelech for Elbowing.
14:57 of 2nd period - Taylor Hall wins face-off versus Jeff Skinner in NEW YORK Islanders zone.
14:57 of 2nd period - Travis Konecny is hit by Ryan McDonagh and loses puck.
15:03 of 2nd period - Shot by Torey Krug.
15:03 of 2nd period - Stopped by Linus Ullmark without a rebound.
15:04 of 2nd period - Jeff Skinner wins face-off versus Travis Konecny in NEW YORK Islanders zone.
15:21 of 2nd period - Shot by Josh Bailey.
15:21 of 2nd period - Shot Misses the Net.
15:29 of 2nd period - Shot by Josh Bailey.
15:29 of 2nd period - Shot Blocked by Jakob Chychrun.
15:31 of 2nd period - Shot by Calle Rosen.
15:31 of 2nd period - Stopped by Malcolm Subban without a rebound.
15:32 of 2nd period - Jeff Skinner wins face-off versus Zach Hyman in NEW YORK Rangers zone.
15:47 of 2nd period - Shot by Jon Merrill.
15:47 of 2nd period - Shot Misses the Net.
15:49 of 2nd period - Shot by John Moore.
15:49 of 2nd period - Shot Misses the Net.
15:51 of 2nd period - Shot by John Moore.
15:51 of 2nd period - Goal by John Moore - NEW YORK Islanders : 5 - NEW YORK Rangers : 2.
15:52 of 2nd period - Taylor Hall wins face-off versus Nicklas Backstrom in neutral zone.
15:55 of 2nd period - Shot by Travis Konecny.
15:55 of 2nd period - Stopped by Linus Ullmark with a rebound.
16:03 of 2nd period - Shot by Nicklas Backstrom.
16:03 of 2nd period - Stopped by Malcolm Subban with a rebound.
16:25 of 2nd period - Shot by Vincent Hinostroza.
16:25 of 2nd period - Stopped by Malcolm Subban without a rebound.
16:26 of 2nd period - Kyle Palmieri wins face-off versus Logan Couture in NEW YORK Rangers zone.
16:47 of 2nd period - Shot by Kyle Palmieri.
16:47 of 2nd period - Shot Blocked by John Moore.
16:49 of 2nd period - Shot by Kyle Palmieri.
16:49 of 2nd period - Deflect By Jeff Skinner.
16:49 of 2nd period - Stopped by Malcolm Subban without a rebound.
16:50 of 2nd period - Nolan Patrick wins face-off versus Josh Bailey in NEW YORK Rangers zone.
17:03 of 2nd period - Shot by Ilya Mikheyev.
17:03 of 2nd period - Shot Blocked by Jakob Chychrun.
17:13 of 2nd period - Shot by Sven Baertschi.
17:13 of 2nd period - Stopped by Malcolm Subban without a rebound.
17:14 of 2nd period - Taylor Hall wins face-off versus Jeff Skinner in NEW YORK Rangers zone.
17:57 of 2nd period - Shot by Taylor Hall.
17:57 of 2nd period - Shot Misses the Net.
18:04 of 2nd period - Icing by Ryan McDonagh .
18:05 of 2nd period - Logan Couture wins face-off versus Jeff Skinner in NEW YORK Islanders zone.
18:05 of 2nd period - Logan Couture is hit by Kevin Shattenkirk.
18:12 of 2nd period - Icing by Ryan McDonagh .
18:13 of 2nd period - Logan Couture wins face-off versus Jeff Skinner in NEW YORK Islanders zone.
18:20 of 2nd period - Shot by Torey Krug.
18:20 of 2nd period - Shot Misses the Net.
18:22 of 2nd period - Shot by Logan Couture.
18:22 of 2nd period - Deflect By Trevor Moore.
18:22 of 2nd period - Shot Blocked by Ryan McDonagh .
19:16 of 2nd period - Shot by Ryan Strome.
19:16 of 2nd period - Stopped by Linus Ullmark without a rebound.
19:17 of 2nd period - Nicklas Backstrom wins face-off versus Nolan Patrick in NEW YORK Islanders zone.
19:47 of 2nd period - Icing by Nolan Patrick.
19:48 of 2nd period - Josh Bailey wins face-off versus Nolan Patrick in NEW YORK Rangers zone.
19:55 of 2nd period - Shot by Sven Baertschi.
19:55 of 2nd period - Shot Misses the Net.
Goals for this period are 3 for NEW YORK Islanders vs 2 for NEW YORK Rangers.
Shots for this period are 13 for NEW YORK Islanders vs 10 for NEW YORK Rangers.

3rd period


0:01 of 3rd period - Taylor Hall wins face-off versus Jeff Skinner in neutral zone.
0:11 of 3rd period - Minor Penalty to Jeff Skinner for Hooking.
0:12 of 3rd period - Brendan Leipsic wins face-off versus Taylor Hall in NEW YORK Islanders zone.
0:12 of 3rd period - Brendan Leipsic is hit by Travis Konecny.
0:13 of 3rd period - Minor Penalty to Travis Konecny for Roughing.
0:14 of 3rd period - Nicklas Backstrom wins face-off versus Taylor Hall in NEW YORK Rangers zone.
0:41 of 3rd period - Shot by Taylor Hall.
0:41 of 3rd period - Stopped by Linus Ullmark without a rebound.
0:42 of 3rd period - Nicklas Backstrom wins face-off versus Taylor Hall in NEW YORK Islanders zone.
0:42 of 3rd period - Nicklas Backstrom is hit by Taylor Hall.
0:52 of 3rd period - Shot by Kyle Palmieri.
0:52 of 3rd period - Goal by Kyle Palmieri - NEW YORK Islanders : 6 - NEW YORK Rangers : 2.
0:53 of 3rd period - Nicklas Backstrom wins face-off versus Taylor Hall in neutral zone.
0:56 of 3rd period - Shot by Kyle Palmieri.
0:56 of 3rd period - Stopped by Malcolm Subban without a rebound.
0:57 of 3rd period - Nicklas Backstrom wins face-off versus Taylor Hall in NEW YORK Rangers zone.
1:17 of 3rd period - Off-side.
1:18 of 3rd period - Taylor Hall wins face-off versus Nicklas Backstrom in neutral zone.
1:37 of 3rd period - Shot by Kyle Palmieri.
1:37 of 3rd period - Stopped by Malcolm Subban without a rebound.
1:38 of 3rd period - Ty Dellandrea wins face-off versus Ilya Mikheyev in NEW YORK Rangers zone.
2:51 of 3rd period - Icing by Cody Goloubef.
2:52 of 3rd period - Nolan Patrick wins face-off versus Nicklas Backstrom in NEW YORK Rangers zone.
2:52 of 3rd period - Cody Goloubef is hit by Vincent Hinostroza and loses puck.
3:04 of 3rd period - Calle Rosen is hit by Logan Stanley.
3:08 of 3rd period - Shot by Patrik Laine.
3:08 of 3rd period - Shot Misses the Net.
3:18 of 3rd period - Off-side.
3:19 of 3rd period - Taylor Hall wins face-off versus Josh Bailey in neutral zone.
3:41 of 3rd period - Jakob Chychrun is hit by Ryan McDonagh and loses puck.
3:48 of 3rd period - Jakob Chychrun is hit by Ilya Mikheyev and loses puck.
4:10 of 3rd period - Icing by Torey Krug.
4:11 of 3rd period - Taylor Hall wins face-off versus Anthony Duclair in NEW YORK Rangers zone.
4:30 of 3rd period - Adam Pelech is hit by Zach Hyman and loses puck.
4:39 of 3rd period - Jon Merrill is hit by Jeff Skinner and loses puck.
5:02 of 3rd period - Trevor Moore is hit by Jeff Skinner and loses puck.
5:37 of 3rd period - Shot by Vincent Hinostroza.
5:37 of 3rd period - Shot Misses the Net.
5:39 of 3rd period - Shot by Patrik Laine.
5:39 of 3rd period - Stopped by Malcolm Subban without a rebound.
5:40 of 3rd period - Josh Bailey wins face-off versus Taylor Hall in NEW YORK Rangers zone.
5:53 of 3rd period - Shot by Sven Baertschi.
5:53 of 3rd period - Shot Blocked by Ryan Strome.
5:55 of 3rd period - Shot by Ilya Mikheyev.
5:55 of 3rd period - Stopped by Malcolm Subban without a rebound.
5:56 of 3rd period - Nicklas Backstrom wins face-off versus Ty Dellandrea in NEW YORK Rangers zone.
7:01 of 3rd period - Shot by Taylor Hall.
7:01 of 3rd period - Goal by Taylor Hall - NEW YORK Islanders : 6 - NEW YORK Rangers : 3.
7:02 of 3rd period - Jeff Skinner wins face-off versus Taylor Hall in neutral zone.
7:17 of 3rd period - Shot by Jeff Skinner.
7:17 of 3rd period - The goal is going for a video replay.
7:17 of 3rd period - The goal is good.
7:17 of 3rd period - Goal by Jeff Skinner - NEW YORK Islanders : 7 - NEW YORK Rangers : 3.
7:18 of 3rd period - Ilya Mikheyev wins face-off versus Logan Couture in neutral zone.
7:23 of 3rd period - Shot by Sven Baertschi.
7:23 of 3rd period - Deflect By Josh Bailey.
7:23 of 3rd period - Shot Misses the Net.
8:10 of 3rd period - Minor Penalty to Travis Konecny for Hooking.
8:11 of 3rd period - Jeff Skinner wins face-off versus Taylor Hall in NEW YORK Rangers zone.
8:22 of 3rd period - Shot by Ryan McDonagh .
8:22 of 3rd period - Shot Misses the Net.
8:36 of 3rd period - Shot by Kevin Shattenkirk.
8:36 of 3rd period - Shot Misses the Net.
8:38 of 3rd period - Shot by Ryan McDonagh .
8:38 of 3rd period - Stopped by Malcolm Subban without a rebound.
8:39 of 3rd period - Taylor Hall wins face-off versus Nicklas Backstrom in NEW YORK Rangers zone.
8:39 of 3rd period - Taylor Hall is hit by Sven Baertschi.
8:52 of 3rd period - Shot by Calle Rosen.
8:52 of 3rd period - Deflect By Nicklas Backstrom.
8:52 of 3rd period - Shot Blocked by John Moore.
9:05 of 3rd period - Icing by Adam Pelech.
9:06 of 3rd period - Nicklas Backstrom wins face-off versus Taylor Hall in NEW YORK Islanders zone.
9:20 of 3rd period - Icing by Sven Baertschi.
9:21 of 3rd period - Taylor Hall wins face-off versus Nicklas Backstrom in NEW YORK Islanders zone.
9:48 of 3rd period - Kevin Shattenkirk is hit by Kieffer Bellows and loses puck.
10:13 of 3rd period - Shot by Tyler Ennis.
10:13 of 3rd period - Stopped by Linus Ullmark without a rebound.
10:14 of 3rd period - Brendan Lemieux wins face-off versus Ty Dellandrea in NEW YORK Islanders zone.
10:37 of 3rd period - Shot by Tyler Ennis.
10:37 of 3rd period - Stopped by Linus Ullmark without a rebound.
10:38 of 3rd period - Taylor Hall wins face-off versus Jeff Skinner in NEW YORK Islanders zone.
12:02 of 3rd period - Shot by Nicklas Backstrom.
12:02 of 3rd period - Shot Misses the Net.
12:28 of 3rd period - Torey Krug is hit by Ilya Mikheyev and loses puck.
12:33 of 3rd period - Nikolai Knyzhov is hit by Trevor Moore and loses puck.
13:24 of 3rd period - Shot by Brendan Leipsic.
13:24 of 3rd period - Deflect By Brendan Lemieux.
13:24 of 3rd period - Shot Misses the Net.
13:41 of 3rd period - Icing by John Moore.
13:42 of 3rd period - Kyle Palmieri wins face-off versus Nolan Patrick in NEW YORK Rangers zone.
14:42 of 3rd period - Shot by Nicklas Backstrom.
14:42 of 3rd period - Stopped by Malcolm Subban with a rebound.
14:44 of 3rd period - Shot by Nikolai Knyzhov.
14:44 of 3rd period - Shot Blocked by Nolan Patrick.
14:48 of 3rd period - Shot by Vincent Hinostroza.
14:48 of 3rd period - Shot Misses the Net.
15:23 of 3rd period - Off-side.
15:24 of 3rd period - Taylor Hall wins face-off versus Josh Bailey in neutral zone.
15:40 of 3rd period - Icing by Sven Baertschi.
15:41 of 3rd period - Josh Bailey wins face-off versus Logan Couture in NEW YORK Islanders zone.
15:41 of 3rd period - Sven Baertschi is hit by Zach Hyman and loses puck.
15:58 of 3rd period - Shot by Zach Hyman.
15:58 of 3rd period - Shot Misses the Net.
16:07 of 3rd period - Logan Couture is hit by Ryan McDonagh and loses puck.
16:39 of 3rd period - Icing by Jeff Skinner.
16:40 of 3rd period - Taylor Hall wins face-off versus Jeff Skinner in NEW YORK Islanders zone.
18:00 of 3rd period - Vincent Hinostroza is hit by Tyler Ennis and loses puck.
18:07 of 3rd period - Shot by Vincent Hinostroza.
18:07 of 3rd period - Stopped by Malcolm Subban without a rebound.
18:08 of 3rd period - Josh Bailey wins face-off versus Logan Couture in NEW YORK Rangers zone.
18:19 of 3rd period - Shot by Josh Bailey.
18:19 of 3rd period - Stopped by Malcolm Subban without a rebound.
18:20 of 3rd period - Nicklas Backstrom wins face-off versus Logan Couture in NEW YORK Rangers zone.
18:28 of 3rd period - Icing by Torey Krug.
18:29 of 3rd period - Nicklas Backstrom wins face-off versus Logan Couture in NEW YORK Rangers zone.
18:42 of 3rd period - Kevin Shattenkirk is hit by Zach Hyman and loses puck.
19:14 of 3rd period - Shot by Vincent Hinostroza.
19:14 of 3rd period - Stopped by Malcolm Subban with a rebound.
19:17 of 3rd period - Icing by Torey Krug.
19:18 of 3rd period - Logan Couture wins face-off versus Jeff Skinner in NEW YORK Rangers zone.
19:18 of 3rd period - Logan Couture is hit by Jeff Skinner.
19:42 of 3rd period - Adam Pelech is hit by Logan Couture and loses puck.
19:57 of 3rd period - Shot by Kyle Palmieri.
19:57 of 3rd period - Stopped by Malcolm Subban without a rebound.
19:58 of 3rd period - Ilya Mikheyev wins face-off versus Taylor Hall in NEW YORK Rangers zone.
Goals for this period are 2 for NEW YORK Islanders vs 1 for NEW YORK Rangers.
Shots for this period are 12 for NEW YORK Islanders vs 4 for NEW YORK Rangers.